 Dungeon Crawl Stone Soup version 0.18.1-48-g4cf74bf (webtiles) character file.

125211 kobby the Peltast (level 16, -6/103 HPs)
             Began as a Gargoyle Fighter on July 14, 2016.
             Was the Champion of Okawaru.
             Killed from afar by a fire giant (15 damage)
             ... with a fireball
             ... on level 1 of the Depths on July 15, 2016.
             The game lasted 01:34:57 (27923 turns).

kobby the Peltast (Gargoyle Fighter)               Turns: 27923, Time: 01:34:58

Health: -6/103     AC: 38    Str: 28    XL:     16   Next: 95%
Magic:  21/21      EV: 11    Int:  8    God:    Okawaru [******]
Gold:   1711       SH: 18    Dex: 19    Spells: 0 memorised, 15 levels left

rFire  + . .     SeeInvis .     L - +6 flail of Bodily Harmony {freeze, Dex+10}
rCold  + . .     Gourm    .     N - +3 crystal plate armour
rNeg   + . .     Faith    .     i - +2 shield
rPois  ∞         Spirit   .     P - +2 hat
rElec  +         Dismiss  .     e - +2 cloak
rCorr  .         Reflect  .     n - +0 pair of gloves
SustAt .         Harm     .     V - +2 pair of boots {Fly}
MR     +....                    s - amulet of rage
Stlth  ..........               w - ring of protection from fire
                                l - ring of protection from cold

@: exhausted, corroded, flying, very slightly contaminated, hasted and slowed,
studying Dodging, somewhat resistant to hostile enchantments, extremely
unstealthy
A: big wings, negative energy resistance 1, electricity resistance, unbreathing,
petrification resistance, rot immunity, AC +11
a: Stop Flying, Heroism, Finesse, Renounce Religion, Evoke Berserk Rage


You were on level 1 of the Depths.
You worshipped Okawaru.
Okawaru was exalted by your worship.
You were not hungry.

You visited 6 branches of the dungeon, and saw 28 of its levels.
You visited the Abyss 1 time.
You also visited: Bailey.

You collected 2911 gold pieces.
You spent 1200 gold pieces at shops.

Inventory:

Hand Weapons
 q - a +2 mace of holy wrath
 E - the +5 broad axe "Douttukyb" {distort, +Rage MR+ Dex+3}
   (You acquired it on level 8 of the Dungeon)

   It warps and distorts space around it.
   Unwielding it can cause banishment or high damage.
   It affects your dexterity (+3).
   It affects your resistance to hostile enchantments.
   It lets you go berserk.
 L - the +6 flail of Bodily Harmony (weapon) {freeze, Dex+10}
   (You found it on level 8 of the Dungeon)

   It has been specially enchanted to freeze those struck by it, causing extra
   injury to most foes and up to half again as much damage against particularly
   susceptible opponents.
   It can also slow down cold-blooded creatures.
   It affects your dexterity (+10).
 S - a +4 broad axe of freezing
Armour
 e - a +2 cloak (worn)
 i - a +2 shield (worn)
 n - a +0 pair of gloves (worn)
 o - the +6 scale mail of Tex Hili {+Fly Str+4 Slay+6}
   (Okawaru gifted it to you on level 2 of the Orcish Mines)

   It affects your strength (+4).
   It affects your accuracy and damage with ranged weapons and melee attacks
   (+6).
   It lets you fly.
 y - the +4 ring mail "Xielepp" {Int+4, unknown}
   (Okawaru gifted it to you on level 1 of the Depths)

   It affects your intelligence (+4).
 M - the +1 leather armour of Gluttony {rElec rC+ Regen+ Int-2, unknown}
   (You found it on level 14 of the Dungeon)

   It affects your intelligence (-2).
   It protects you from cold.
   It insulates you from electricity.
   It increases your rate of regeneration.
 N - a +3 crystal plate armour (worn)
 P - a +2 hat (worn)
 V - a +2 pair of boots of flying (worn)
Jewellery
 f - the ring of Qipyupis {rElec rN+ MR- Int+4 Stlth+}
   (You found it on level 15 of the Dungeon)

   [ring of positive energy]

   It affects your intelligence (+4).
   It insulates you from electricity.
   It protects you from negative energy.
   It affects your resistance to hostile enchantments.
   It makes you more stealthy.
 l - a ring of protection from cold (left hand)
 s - an amulet of rage (around neck)
 t - a +2 ring of dexterity {unknown}
 w - a ring of protection from fire (right hand)
 x - an uncursed ring of see invisible
 F - an uncursed ring of positive energy
 T - an uncursed ring of resist corrosion
 X - an uncursed amulet of magic regeneration {unknown}
Wands
 k - a wand of lightning (7/15)
 u - a wand of digging (14/24)
 v - a wand of disintegration (22/24)
 z - a wand of paralysis (12/24)
 A - a wand of confusion (34/48)
 C - a wand of flame (26/48)
 H - a wand of acid (9/15)
 K - a wand of lightning (0/15)
 O - a wand of slowing (18/48)
 Z - a wand of iceblast (0/15)
Scrolls
 g - 17 scrolls of remove curse
 j - a scroll of identify
 r - 2 scrolls of enchant weapon
 G - 7 scrolls of recharging
 W - a scroll of magic mapping
Potions
 a - a potion of mutation {unknown}
 d - 5 potions of might
 h - 13 potions of curing
 I - a potion of brilliance
 Y - a potion of cure mutation
Books
 c - a manual of Dodging
Comestibles
 b - 8 meat rations
 p - a bread ration
 B - 6 beef jerkies


   Skills:
 * Level 12.8 Fighting
 - Level 12.4(13.8) Axes
 * Level 11.6(14.0) Maces & Flails
 + Level 12.0 Armour
 * Level 8.7 Dodging
 + Level 2.1 Stealth
 + Level 16.4 Shields
 + Level 1.6 Invocations
 - Level 6.7 Evocations


You had 15 spell levels left.
You didn't know any spells.

Dungeon Overview and Level Annotations

Branches:
Dungeon (15/15)            Temple (1/1) D:5            Lair (8/8) D:9
 Shoals (0/4) Lair:5       Spider (0/4) Lair:6        Slime (0/6) Lair:8
    Orc (2/2) D:10            Elf (1/3) Orc:2        Vaults (0/5) D:14
 Depths (1/5) D:15

Altars:
Ashenzari
Cheibriados
Dithmenos
Elyvilon
Fedhas
Gozag
Kikubaaqudgha
Makhleb
Nemelex Xobeh
Okawaru
Pakellas
Qazlal
Ru
Sif Muna
Trog
Vehumet
Xom
Yredelemnul
Zin
The Shining One
Jiyva

Shops:
D:7 }   D:10 }(   D:14 [   Orc:2 (=%%

Portals:
Hell: Depths:1

Annotations:
D:14 exclusion: obsidian statue
Lair:3 Sonja
Abyss:1 Maud


Innate Abilities, Weirdness & Mutations

You are resistant to torment.
Your stone body is resilient (AC +11).
You are immune to poison.
Your large and strong wings let you fly indefinitely.
You resist negative energy.
You are resistant to electric shocks.
You can survive without breathing.
You are immune to petrification.
You are immune to rotting.


Message History

You assume a fearsome visage.
The fire giant resists with some effort.
The fire dragon looks frightened!
You hit the fire giant. You freeze the fire giant.
The fire giant is heavily wounded.
The fire giant gestures at you while chanting.
The bolt of fire hits you! You resist.
* * * LOW HITPOINT WARNING * * *
Drink which item? (? for menu, Esc to quit)
You feel better. You block the fire giant's attack.
The fire giant gestures at you while chanting.
The bolt of fire hits you! You resist.
* * * LOW HITPOINT WARNING * * *
Read which item? (? for menu, Esc to quit)
Okay, then.
Evoke which item? (* to show all) (? for menu, Esc to quit)
Okay, then.
The fire giant casts a spell at you.
The fireball explodes!
The fireball engulfs you! You resist.
You die...

#†.(.'..(..#..............
#....#p....#>.............
...'..D.#.....#..............
....#p####.....######...##...#
#####'#.......##...########÷##
..#.....C.#...............
...#.......#...............
.p..#.......#...............
###......@# #..##...##....
#.....##'####..##..>##....
#...)()...(.#.......######
#....(#(....#.......# ....
#.....#.....'.......# ....
#....)#.....#.......# ....
#.....#.....#.......# ....
#.....#######.####### ....
####......# #.# #####


You could see a fire giant and an entropy weaver.

Vanquished Creatures
  Norris (Depths:1)
  A lich (Depths:1)
  Rupert (Lair:5)
  Kirke (D:15)
  Agnes (D:15)
  The ghost of Jano the Brawler, a journeyman TrMo of Jiyva (D:13)
  3 stone giants
  A very ugly thing (Depths:1)
  6 dire elephants (Lair:8)
  Azrael (D:14)
  An ettin (Depths:1)
  2 fire dragons (Depths:1)
  3 ice dragons
  A great orb of eyes (Depths:1)
  An entropy weaver (Depths:1)
  A rakshasa (Depths:1)
  8 hydras
  An anaconda (Lair:8)
  5 centaur warriors
  6 death yaks
  A dancing weapon (Orc:2)
  4 orc high priests (Orc:2)
  Urug (D:13)
  A deep elf knight (Orc:2)
  5 large abominations (D:15)
  2 deep elf archers
  6 hill giants
  A giant orange brain (Depths:1)
  5 orc knights
  3 wizards
  Pikel (D:4)
  10 deep elf magi
  5 orc sorcerers (Orc:2)
  4 cyclopes
  8 elephants
  7 ugly things
  3 manticores
  3 griffons
  A salamander (shapeshifter) (Depths:1)
  6 black mambas
  An apocalypse crab (Abyss:3)
  The ghost of NekoKawashu the Ruffian, a novice MiMo (D:4)
  4 centaur zombies
  2 sirens (Lair:5)
  A guardian serpent (shapeshifter) (Depths:1)
  Joseph (D:8)
  A gargoyle (D:13)
  17 spiny frogs
  5 centaur skeletons
  4 rime drakes
  3 yaktaurs (Depths:1)
  A kobold demonologist (D:9)
  5 komodo dragons
  3 trolls
  A jumping spider (Depths:1)
  4 two-headed ogres
  Grinder (D:6)
  A merfolk (Lair:5)
  6 polar bears
  7 small abominations (D:15)
  A slime creature (D:13)
  A boulder beetle (Lair:7)
  6 blink frogs
  3 shadows
  Sigmund (D:5)
  2 redbacks (Depths:1)
  35 yaks
  A wyvern (Lair:8)
  3 fire elementals
  A wraith (D:14)
  Grum (D:8)
  3 basilisks
  An alligator skeleton (Abyss:3)
  A human (D:7)
  4 hogs (D:15)
  7 hippogriffs
  2 hungry ghosts (D:12)
  2 vampire mosquitoes (D:13)
  Menkaure (D:4)
  15 water moccasins
  2 wargs (Orc:2)
  Duvessa (D:5)
  A mottled dragon (D:11)
  13 porcupines
  3 hell hounds (D:14)
  8 sky beasts
  23 orc warriors
  6 black bears (Lair:1)
  8 ice beasts
  2 phantoms
  2 eyes of draining
  2 necrophages
  10 wolves
  17 ogres
  20 crocodiles
  3 boggarts (Depths:1)
  20 centaurs
  A crocodile (shapeshifter) (D:13)
  Blork the orc (D:5)
  2 big kobolds
  An earth elemental (Orc:2)
  3 giant frogs
  A wyvern skeleton (D:14)
  Dowan (D:5)
  6 scorpions
  22 killer bees
  11 wights
  6 electric eels
  4 howler monkeys
  4 crimson imps
  A giant frog zombie (D:12)
  2 quasits (D:7)
  12 jellies
  17 orc priests
  6 hounds
  19 orc wizards
  5 iguanas
  Crazy Yiuf (D:7)
  6 worker ants
  4 sheep (D:7)
  2 hound skeletons (D:5)
  63 river rats
  16 adders
  A shadow imp (D:14)
  2 oozes
  3 adder zombies
  3 worms
  3 dart slugs
  4 giant geckos
  76 orcs
  2 giant cockroaches
  9 hobgoblins
  11 jackals
  2 quokkas
  2 ball pythons
  5 bats
  3 giant newts
  12 goblins
  16 kobolds
  2 quokka skeletons
  5 rats
  A bush (Lair:5)
  5 fungi
  4 plants
812 creatures vanquished.

Vanquished Creatures (others)
  A hydra (Lair:4)
  3 deep elf magi (Bailey)
  3 spiny frogs
  2 centaur skeletons (D:15)
  2 polar bears
  A blink frog (Lair:7)
  2 yaks
  A hippogriff (Lair:5)
  3 humans (D:15)
  2 porcupines
  2 black bears (Lair:1)
  2 boggarts (Depths:1)
  A big kobold (D:8)
  A jelly (D:10)
  A giant frog (Lair:3)
  A crimson imp (D:10)
  An orc wizard (Orc:2)
  2 river rats
  A shadow imp (D:14)
  An orc (Orc:2)
  A jackal (D:4)
  56 fungi
  34 plants
124 creatures vanquished.

Grand Total: 936 creatures vanquished

Notes
Turn   | Place    | Note
--------------------------------------------------------------
     0 | D:1      | kobby the Gargoyle Fighter began the quest for the Orb.
     0 | D:1      | Reached XP level 1. HP: 14/14 MP: 1/1
   262 | D:1      | Reached XP level 2. HP: 19/19 MP: 2/2
   639 | D:2      | Reached XP level 3. HP: 23/23 MP: 3/3
   935 | D:2      | Reached XP level 4. HP: 29/29 MP: 4/4
  1428 | D:2      | Noticed a water moccasin
  1487 | D:2      | Killed a water moccasin
  1487 | D:2      | Reached skill level 4 in Shields
  1487 | D:2      | Reached XP level 5. HP: 24/33 MP: 5/5
  1845 | D:3      | Reached XP level 6. HP: 38/38 MP: 6/6
  2058 | D:3      | Reached skill level 5 in Shields
  2062 | D:3      | Found a sparkling altar of Nemelex Xobeh.
  2062 | D:3      | Found a shattered altar of Ashenzari.
  2292 | D:4      | Reached skill level 1 in Dodging
  2327 | D:4      | Noticed a sky beast
  2335 | D:4      | Killed a sky beast
  2410 | D:4      | Reached XP level 7. HP: 29/44 MP: 7/7
  2420 | D:4      | Reached skill level 5 in Armour
  2464 | D:4      | Noticed Menkaure
  2466 | D:4      | Noticed Pikel
  2473 | D:4      | Killed Menkaure
  2473 | D:4      | Reached skill level 6 in Shields
  2489 | D:4      | Killed Pikel
  2489 | D:4      | Reached skill level 5 in Fighting
  2489 | D:4      | Reached XP level 8. HP: 31/49 MP: 8/8
  2698 | D:4      | Noticed NekoKawashu's ghost (novice MiMo)
  2739 | D:4      | Killed NekoKawashu's ghost
  2739 | D:4      | Reached skill level 7 in Shields
  3162 | D:5      | Entered Level 5 of the Dungeon
  3271 | D:5      | Found a staircase to the Ecumenical Temple.
  3280 | Temple   | Entered the Ecumenical Temple
  3421 | Temple   | Became a worshipper of Warmaster Okawaru
  3525 | D:5      | Noticed Blork the orc
  3530 | D:5      | Killed Blork the orc
  3729 | D:5      | Noticed Sigmund
  3741 | D:5      | Killed Sigmund
  3741 | D:5      | Reached XP level 9. HP: 49/54 MP: 9/9
  3847 | D:5      | Reached skill level 5 in Axes
  3872 | D:5      | Reached skill level 8 in Shields
  3910 | D:5      | Noticed Duvessa
  3911 | D:5      | Noticed Dowan
  4030 | D:5      | Killed Duvessa
  4106 | D:5      | Killed Dowan
  4505 | D:6      | Reached * piety under Okawaru
  5307 | D:6      | Reached skill level 1 in Stealth
  5321 | D:6      | Noticed Grinder
  5339 | D:6      | Paralysed by Grinder for 3 turns
  5346 | D:6      | Paralysed by Grinder for 4 turns
  5349 | D:6      | Killed Grinder
  5349 | D:6      | Reached ** piety under Okawaru
  5349 | D:6      | Reached skill level 9 in Shields
  5361 | D:6      | Found a basalt altar of Yredelemnul.
  5504 | D:7      | Reached XP level 10. HP: 61/61 MP: 10/10
  5918 | D:7      | Found an opulent altar of Gozag.
  6067 | D:7      | Noticed a manticore
  6083 | D:7      | Killed a manticore
  6083 | D:7      | Reached skill level 10 in Shields
  6091 | D:7      | Reached *** piety under Okawaru
  6346 | D:7      | Found Corghenia's Gadget Shoppe.
  6521 | D:7      | Noticed Crazy Yiuf
  6527 | D:7      | Killed Crazy Yiuf
  6642 | D:8      | Noticed Joseph
  6652 | D:8      | Killed Joseph
  6686 | D:8      | Identified a scroll of acquirement
  6689 | D:8      | Got a slimy broad axe
  6690 | D:8      | Identified the +5 broad axe "Douttukyb" {distort, +Rage MR+ Dex+3} (You acquired it on level 8 of the Dungeon)
  6738 | D:8      | Got a translucent flail
  6756 | D:8      | Noticed Grum
  6854 | D:8      | Killed Grum
  6854 | D:8      | Received a gift from Okawaru
  7290 | D:9      | Reached **** piety under Okawaru
  7310 | D:9      | Noticed a kobold demonologist
  7320 | D:9      | Noticed a smoke demon
  7322 | D:9      | Killed a kobold demonologist
  7322 | D:9      | Reached XP level 11. HP: 67/67 MP: 11/11
  7363 | D:9      | Got a pair of faintly humming boots
  7364 | D:9      | Identified the cursed -2 pair of boots "Guown" {*Drain rF+ MP+9 Int+3} (You found it on level 9 of the Dungeon)
  7428 | D:9      | Found a staircase to the Lair.
  7882 | D:10     | Entered Level 10 of the Dungeon
  7898 | D:10     | Found Kuolih's Weapon Boutique.
  7912 | D:10     | Found a staircase to the Orcish Mines.
  7914 | D:10     | Noticed an orc knight
  8235 | D:10     | Found a flagged portal.
  8245 | Bailey   | Entered a bailey
  8251 | Bailey   | Noticed a deep elf mage
  8252 | Bailey   | Banished a deep elf mage
  8263 | Bailey   | Noticed a deep elf mage
  8264 | Bailey   | Noticed a deep elf mage
  8264 | Bailey   | Noticed a deep elf mage
  8264 | Bailey   | Noticed a deep elf mage
  8265 | Bailey   | Noticed a deep elf mage
  8265 | Bailey   | Noticed a deep elf mage
  8269 | Bailey   | Killed a deep elf mage
  8271 | Bailey   | Banished a deep elf mage
  8271 | Bailey   | Reached skill level 11 in Shields
  8279 | Bailey   | Banished a deep elf mage
  8288 | Bailey   | Killed a deep elf mage
  8383 | Bailey   | Killed a deep elf mage
  8451 | Bailey   | Killed a deep elf mage
  8451 | Bailey   | Reached ***** piety under Okawaru
  8527 | Bailey   | Noticed a deep elf mage
  8527 | Bailey   | Noticed a deep elf mage
  8533 | Bailey   | Noticed a deep elf mage
  8533 | Bailey   | Killed a deep elf mage
  8535 | Bailey   | Killed a deep elf mage
  8535 | Bailey   | Received a gift from Okawaru
  8658 | Bailey   | Killed a deep elf mage
  8688 | Bailey   | Noticed a deep elf archer
  8698 | Bailey   | Killed a deep elf archer
  8780 | D:10     | Killed an orc knight
  8869 | D:10     | Found Hifiqus's Gadget Emporium.
  9096 | Lair:1   | Entered Level 1 of the Lair of Beasts
  9302 | Lair:1   | Reached XP level 12. HP: 75/75 MP: 12/12
  9350 | Lair:1   | Received a gift from Okawaru
  9350 | Lair:1   | Reached skill level 10 in Axes
  9374 | Lair:1   | Reached skill level 12 in Shields
 10713 | Lair:3   | Noticed a death yak
 10715 | Lair:3   | Noticed a death yak
 10716 | Lair:3   | Noticed a death yak
 10723 | Lair:3   | Reached skill level 1 in Evocations
 10727 | Lair:3   | Reached skill level 10 in Armour
 10759 | Lair:3   | Killed a death yak
 10859 | Lair:3   | Killed a death yak
 10959 | Lair:3   | Found a bloodstained altar of Trog.
 11152 | Lair:3   | Noticed Sonja
 11245 | Lair:3   | Noticed a five-headed hydra
 11268 | Lair:3   | Killed a nine-headed hydra
 11287 | Lair:3   | Killed a death yak
 11738 | Lair:4   | Reached XP level 13. HP: 76/82 MP: 14/14
 11796 | Lair:4   | Reached skill level 10 in Fighting
 12288 | Lair:5   | Reached skill level 13 in Shields
 12290 | Lair:5   | Noticed Maud
 12773 | Lair:5   | Noticed Rupert
 13022 | Lair:5   | Killed Rupert
 13230 | Lair:5   | Found a staircase to the Shoals.
 13260 | Lair:5   | Received a gift from Okawaru
 13449 | Lair:5   | Banished Maud
 13776 | Lair:6   | Found a hole to the Spider Nest.
 14194 | Lair:6   | Identified the +6 flail of Bodily Harmony {freeze, Dex+10} (You found it on level 8 of the Dungeon)
 14195 | Lair:6   | Cast into level 3 of the Abyss (a distortion unwield)
 14355 | Abyss:3  | Noticed a bone dragon
 14389 | Abyss:3  | Paralysed by a chaos spawn for 4 turns
 14399 | Abyss:3  | Found a corrupted altar of Lugonu.
 14403 | Lair:6   | Escaped the Abyss
 14867 | Lair:6   | Reached skill level 1 in Maces & Flails
 15073 | Lair:7   | Received a gift from Okawaru
 15273 | Lair:7   | Gained mutation: Your large and strong wings let you fly indefinitely. [Gargoyle growth]
 15273 | Lair:7   | Reached XP level 14. HP: 32/70 MP: 17/17
 15566 | Lair:7   | Reached skill level 5 in Evocations
 15897 | Lair:7   | Reached skill level 14 in Shields
 16323 | Lair:8   | Entered Level 8 of the Lair of Beasts
 16772 | Lair:8   | Noticed a dire elephant
 16772 | Lair:8   | Noticed a dire elephant
 16803 | Lair:8   | Noticed a dire elephant
 16831 | Lair:8   | Noticed a dire elephant
 16831 | Lair:8   | Noticed a dire elephant
 16837 | Lair:8   | Killed a dire elephant
 16899 | Lair:8   | Killed a dire elephant
 16938 | Lair:8   | Killed a dire elephant
 17089 | Lair:8   | Killed a dire elephant
 17089 | Lair:8   | Reached skill level 1 in Invocations
 17367 | Lair:8   | Noticed a dire elephant
 17386 | Lair:8   | Killed a dire elephant
 17386 | Lair:8   | Reached skill level 5 in Maces & Flails
 17417 | Lair:8   | Received a gift from Okawaru
 17684 | Lair:8   | Killed a dire elephant
 17967 | Lair:8   | Found a viscous altar of Jiyva.
 17967 | Lair:8   | Found a staircase to the Slime Pits.
 18412 | Orc:1    | Entered Level 1 of the Orcish Mines
 18886 | Orc:2    | Entered Level 2 of the Orcish Mines
 18972 | Orc:2    | Received a gift from Okawaru
 18979 | Orc:2    | Got a brightly glowing scale mail {god gift}
 19243 | Orc:2    | Identified the +6 scale mail of Tex Hili {+Fly Str+4 Slay+6} (Okawaru gifted it to you on level 2 of the Orcish Mines)
 19278 | Orc:2    | Found a staircase to the Elven Halls.
 19643 | Orc:2    | Reached XP level 15. HP: 77/95 MP: 19/19
 19814 | Orc:2    | Reached skill level 5 in Dodging
 20156 | Orc:2    | Found Ywerunast's Food Shop.
 20156 | Orc:2    | Found Wutiby's Food Emporium.
 20158 | Orc:2    | Found Pogeghak's Jewellery Shop.
 20158 | Orc:2    | Found Ficer's Antique Weapon Emporium.
 20171 | Orc:2    | Bought an uncursed amulet of rage for 600 gold pieces
 20171 | Orc:2    | Bought an uncursed ring of protection from fire for 375 gold pieces
 20171 | Orc:2    | Bought an uncursed ring of see invisible for 225 gold pieces
 20278 | Elf:1    | Entered Level 1 of the Elven Halls
 20294 | Orc:2    | Reached skill level 15 in Shields
 22082 | D:12     | Received a gift from Okawaru
 22717 | D:13     | Noticed Urug
 22728 | D:13     | Killed Urug
 23314 | D:13     | Noticed Jano's ghost (journeyman TrMo)
 23360 | D:13     | HP: 4/96 [Jano's ghost (17)]
 23361 | D:13     | Killed Jano's ghost
 24156 | D:14     | Found Olihebue's Armour Boutique.
 24212 | D:14     | Received a gift from Okawaru
 24243 | D:14     | Noticed Azrael
 24263 | D:14     | Killed Azrael
 24361 | D:14     | Reached XP level 16. HP: 69/101 MP: 21/21
 24362 | D:14     | Found a gate to the Vaults.
 24630 | D:14     | Reached ****** piety under Okawaru
 24725 | D:14     | Got a bloodstained leather armour
 24875 | D:15     | Entered Level 15 of the Dungeon
 24905 | D:15     | Received a gift from Okawaru
 24924 | D:15     | Noticed Kirke
 24942 | D:15     | Killed Kirke
 25069 | D:15     | Reached skill level 10 in Maces & Flails
 25113 | D:15     | Noticed Agnes
 25133 | D:15     | Killed Agnes
 25133 | D:15     | Received a gift from Okawaru
 25596 | D:15     | Got a scintillating lead ring
 25613 | D:15     | Identified the ring of Qipyupis {rElec rN+ MR- Int+4 Stlth+} (You found it on level 15 of the Dungeon)
 25677 | D:15     | Reached skill level 16 in Shields
 26007 | D:15     | Found a staircase to the Depths.
 26476 | Depths:1 | Entered Level 1 of the Depths
 26495 | Depths:1 | Noticed Norris
 26504 | Depths:1 | Paralysed by something for 5 turns
 26551 | Depths:1 | Killed Norris
 27114 | Depths:1 | Received a gift from Okawaru
 27117 | Depths:1 | Got an ancient ring mail {god gift}
 27237 | Depths:1 | Found a gateway to Hell.
 27281 | Depths:1 | Noticed a sphinx
 27884 | Depths:1 | Noticed a lich
 27902 | Depths:1 | Killed a lich
 27923 | Depths:1 | Killed from afar by a fire giant

Skill      XL: |  1  2  3  4  5  6  7  8  9 10 11 12 13 14 15 16 |
---------------+-------------------------------------------------+-----
Axes           | 2 3 4 6 8 9 11 12 | 12.4
Fighting       | 4 5 6 7 8 9 10 11 12 | 12.8
Armour         | 4 5 6 7 8 9 10 11 12 | 12.0
Shields        | 4 5 6 7 9 10 11 12 13 14 15 16 | 16.4
Dodging        | 1 2 3 4 7 8 |  8.7
Stealth        | 1 2 |  2.1
Evocations     | 2 4 6 |  6.7
Maces & Flails | 2 6 9 11 | 11.6
Invocations    | 1 |  1.6

Action                   |  1- 3 |  4- 6 |  7- 9 | 10-12 | 13-15 | 16-18 || total
-------------------------+-------+-------+-------+-------+-------+-------++-------
Melee: War axe           |   115 |   275 |   324 |   184 |       |       ||   898
       Broad axe         |       |       |       |   448 |   237 |       ||   685
       Flail             |       |       |       |       |  1724 |   609 ||  2333
Invok: Heroism           |       |       |       |     1 |     3 |     1 ||     5
       Finesse           |       |       |       |       |     7 |       ||     7
 Abil: Evoke Berserk Rag |       |       |       |     3 |     8 |     4 ||    15
Evoke: Wand              |       |       |       |     1 |     8 |       ||     9
  Use: Potion            |       |     2 |       |    13 |     8 |     3 ||    26
       Scroll            |       |     4 |     7 |     9 |    20 |     8 ||    48
 Stab: Petrifying        |       |       |       |       |     2 |       ||     2
       Invisible         |       |       |       |       |     6 |       ||     6
  Eat: Fruit             |       |     1 |     2 |     3 |       |     2 ||     8
       Bread ration      |       |     2 |     1 |     3 |     7 |     3 ||    16
       Pizza             |       |       |       |     8 |     1 |     1 ||    10
       Beef jerky        |       |       |       |     1 |       |       ||     1
       Meat ration       |       |       |       |       |     3 |       ||     3
       Chunk             |       |       |       |       |       |     1 ||     1
Armor: Scale mail        |     5 |       |       |       |       |       ||     5
       Plate armour      |    84 |   214 |   186 |   175 |       |       ||   659
       Crystal plate arm |       |       |       |   251 |  1101 |   315 ||  1667
Dodge: Dodged            |     7 |    59 |    54 |   104 |   319 |   138 ||   681
Block: Shield            |    62 |   162 |   154 |   220 |   204 |   439 ||  1241
       Large shield      |       |       |       |   236 |  1704 |       ||  1940
